 Dungeon Crawl Stone Soup version 0.22.0-25-g7663229ff0 (webtiles) character file.

157073 EnegeticOcto the Spry (level 16, 0/100 HPs)
             Began as a Felid Venom Mage on Aug 16, 2018.
             Was the Champion of Fedhas.
             Slain by a rakshasa (illusionary)
             ... wielding a +0 trident
              (9 damage)
             ... on level 3 of the Abyss on Aug 20, 2018.
             The game lasted 04:22:39 (79004 turns).

EnegeticOcto the Spry (Felid Venom Mage)           Turns: 79004, Time: 04:22:40

Health: 0/100      AC:  8    Str: 10 (11) XL:     16   Next: 49%
Magic:  7/45       EV: 22    Int: 29 (34) God:    Fedhas [******]
Gold:   3362       SH:  0    Dex: 13 (15) Spells: 2/45 levels left
                                        Lives:  0   Deaths: 3

rFire    . . .     SeeInvis +   (weapon unavailable)
rCold    + + +     Gourm    .   (shield unavailable)
rNeg     . . .     Faith    .   (armour unavailable)
rPois    +         Spirit   .   (helmet unavailable)
rElec    +         Reflect  .   (cloak unavailable)
rCorr    .         Harm     .   (gloves unavailable)
MR       ++...                  (boots unavailable)
Stlth    +++++.....             B - amulet of Vehumet's Generosity {Regen+ Str+7 Int+6 Dex-3}
HPRegen  0.66/turn              K - ring of protection from fire
MPRegen  0.29/turn              g - ring of Xom's Fair Game {rElec rPois MP+9 Int+6 Stlth+}

@: ice-form, deflect missiles
A: large, no armour, no weapons or thrown items, stealth, rugged brown scales 1,
see invisible, carnivore, [deterioration 1], mutation resistance 1, slow
metabolism 1
}: 2/15 runes: barnacled, gossamer
a: End Transformation, Fungal Bloom, Sunlight, Evolution, Growth, Reproduction,
Rain, Renounce Religion


You were on level 3 of the Abyss.
You worshipped Fedhas.
Fedhas was exalted by your worship.
You were very full.
You were a creature of crystalline ice.
You visited 10 branches of the dungeon, and saw 42 of its levels.
You visited the Abyss 1 time.

You collected 3362 gold pieces.

Inventory:

Missiles
 w - 713 arrows
Jewellery
 g - the ring of Xom's Fair Game (right front paw) {rElec rPois MP+9 Int+6 Stlth+}
   (You found it on level 6 of the Lair of Beasts)

   [ring of magical power]

   It affects your intelligence (+6).
   It insulates you from electricity.
   It protects you from poison.
   It affects your magic capacity (+9).
   It makes you more stealthy.
 u - an uncursed ring of resist corrosion
 B - the amulet of Vehumet's Generosity (around neck) {Regen+ Str+7 Int+6 Dex-3}
   (You found it on level 6 of the Lair of Beasts)

   [amulet of regeneration]

   It affects your strength (+7).
   It affects your intelligence (+6).
   It affects your dexterity (-3).
   It increases your rate of regeneration.
 C - the ring of the Spinneret {rPois MP+9 Str+6 Int-5 Stlth+}
   (You took it off a deep elf high priest on level 3 of the Elven Halls)

   [ring of magical power]

   It affects your strength (+6).
   It affects your intelligence (-5).
   It protects you from poison.
   It affects your magic capacity (+9).
   It makes you more stealthy.
 K - a ring of protection from fire (left front paw)
Wands
 a - a wand of flame (80)
 f - a wand of polymorph (44)
 m - a wand of acid (16)
 o - a wand of enslavement (12)
 q - a wand of scattershot (4)
 s - a wand of disintegration (55)
 v - a wand of random effects (115)
 y - a wand of iceblast (22)
 D - a wand of digging (36)
 I - a wand of paralysis (12)
Scrolls
 d - 6 scrolls of amnesia
 e - 2 scrolls of magic mapping {@r5 !r}
 h - 3 scrolls of teleportation {@r3 !r}
 i - a scroll of blinking {@r4}
 t - 10 scrolls of remove curse {@r2}
 x - a scroll of immolation
 E - a scroll of silence
 H - 7 scrolls of identify {@r1}
 J - 4 scrolls of fog
Potions
 c - 4 potions of haste {@q4 !q}
 j - 4 potions of agility {@q5 !q}
 l - 6 potions of flight
 n - 2 potions of brilliance
 p - 4 potions of lignification {@q6 !q}
 r - 2 potions of invisibility
 z - 3 potions of mutation
 A - 2 potions of magic
 G - 3 potions of might {@q3 !q}
 L - 6 potions of ambrosia
 M - a potion of cancellation
 O - a potion of berserk rage
Comestibles
 b - 59 rations


   Skills:
 * Level 15.7 Fighting
 * Level 20.0 Dodging
 - Level 9.2 Stealth
 * Level 15.0 Spellcasting
   Level 0.8 Conjurations
 - Level 3.0 Hexes
 - Level 6.6 Charms
 * Level 11.4 Summonings
 - Level 8.0 Transmutations
 - Level 8.0 Air Magic
 - Level 8.0 Poison Magic
 + Level 7.3 Invocations


You had 2 spell levels left.
You knew the following spells:

 Your Spells              Type           Power        Failure   Level  Hunger
a - Poisonous Vapours     Pois/Air       ######       1%          2    None
b - Sticks to Snakes      Tmut           ######..     1%          2    None
c - Summon Forest         Summ/Tloc      ######....   6%          5    None
d - Summon Lightning Spi  Summ/Air       ######..     1%          4    None
e - Shadow Creatures      Summ           N/A          3%          6    ###....
f - Summon Mana Viper     Hex/Summ       ######..     3%          5    None
g - Ice Form              Ice/Tmut       #####...     4%          4    None
h - Passwall              Tmut/Erth      #####...     1%          2    None
i - Aura of Abjuration    Summ           ######....   1%          5    None
B - Deflect Missiles      Chrm/Air       ######....   17%         6    ###....
C - Blink                 Tloc           N/A          3%          2    None

Your spell library contained the following spells:

 Spells                   Type           Power        Failure   Level  Hunger
 Beastly Appendage        Tmut           ######       1%          1    None
 Confusing Touch          Hex            #####.       1%          1    None
 Magic Dart               Conj           ####         1%          1    None
 Sting                    Conj/Pois      ####         1%          1    None
 Summon Butterflies       Summ           ######..     1%          1    None
 Summon Small Mammal      Summ           ####         1%          1    None
 Call Imp                 Summ           ######..     1%          2    None
 Slow                     Hex            #####...     1%          2    None
 Freeze                   Ice            ###.         2%          1    None
 Sandblast                Erth           ###...       2%          1    None
 Searing Ray              Conj           ####..       2%          2    None
 Throw Frost              Conj/Ice       ###...       2%          2    None
 Call Canine Familiar     Summ           ######..     1%          3    None
 Confuse                  Hex            #####...     1%          3    None
 Ignite Poison            Fire/Tmut/Pois ######..     1%          3    None
 Mephitic Cloud           Conj/Pois/Air  ######..     1%          3    None
 Ozocubu's Armour         Chrm/Ice       #####...     1%          3    None
 Recall                   Summ/Tloc      N/A          1%          3    None
 Spider Form              Tmut/Pois      ######....   1%          3    None
 Summon Guardian Golem    Hex/Summ       ######..     1%          3    None
 Olgreb's Toxic Radiance  Pois           ######..     1%          4    None
 Summon Ice Beast         Ice/Summ       ######..     1%          4    None
 Summon Demon             Summ           ######....   1%          5    None
 Blade Hands              Tmut           ######....   2%          5    None
 Dazzling Spray           Conj/Hex       ####..       3%          3    None
 Petrify                  Tmut/Erth      #####...     4%          4    None
 Conjure Flame            Conj/Fire      ###.....     5%          3    None
 Stone Arrow              Conj/Erth      ###...       5%          3    None
 Cause Fear               Hex            #####.....   6%          4    None
 Silence                  Hex/Air        ######....   6%          5    None
 Yara's Violent Unravell  Hex/Tmut       ######....   6%          5    None
 Gell's Gravitas          Tloc           ###.......   7%          3    None
 Fulminant Prism          Conj/Hex       ####......   10%         4    None
 Lightning Bolt           Conj/Air       #####.....   10%         5    None
 Venom Bolt               Conj/Pois      #####.....   10%         5    None
 Iskenderun's Battlesphe  Conj/Chrm      #####...     13%         5    None
 Iskenderun's Mystic Bla  Conj           ####....     16%         4    None
 Summon Hydra             Summ           ######....   17%         7    #####..
 Force Lance              Conj/Tloc      ###.....     19%         4    None
 Throw Icicle             Conj/Ice       ###.....     19%         4    None
 Metabolic Englaciation   Hex/Ice        ####......   32%         5    None
 Fireball                 Conj/Fire      ###.......   45%         5    None
 Bolt of Magma            Conj/Fire/Erth ###.......   50%         5    None
 Lee's Rapid Deconstruct  Erth           ###.......   52%         5    None
 Spellforged Servitor     Conj/Summ      ######....   83%         7    #####..
 Bolt of Fire             Conj/Fire      ###.......   96%         6    ###....
 Iron Shot                Conj/Erth      ###.......   96%         6    ###....
 Ring of Flames           Chrm/Fire      #####.....   99%         7    #####..
 Orb of Destruction       Conj           ####......   100%        7    #####..
 Discord                  Hex            #####.....   100%        8    ######.
 Ignition                 Fire           ###.......   100%        8    ######.
 Necromutation            Tmut/Necr      #####.....   100%        8    ######.


Dungeon Overview and Level Annotations

Branches:
Dungeon (15/15)            Temple (1/1) D:5            Lair (6/6) D:9
 Shoals (4/4) Lair:2       Spider (4/4) Lair:4        Slime (1/5) Lair:6
    Orc (2/2) D:9             Elf (3/3) Orc:2        Vaults (1/5) D:14
 Depths (5/5) D:15
    Zot: Depths:5

Altars:
Ashenzari
Cheibriados
Dithmenos
Elyvilon
Fedhas
Gozag
Hepliaklqana
Kikubaaqudgha
Makhleb
Nemelex Xobeh
Okawaru
Qazlal
Ru
Sif Muna
Trog
Uskayaw
Vehumet
Wu Jian
Xom
Yredelemnul
Zin
The Shining One
Beogh
Lugonu

Shops:
Orc:2 *=(?   Elf:1 [

Portals:
Abyss: Depths:5
Trove: Depths:3 (lose all piety)

Annotations:
D:1 exclusion: ooze
D:4 exclusion: jelly
D:8 exclusion: door
D:10 exclusion: centaur warrior
D:12 2 transporters, IceCat's ghost, novice DEIE
Shoals:1 1 runed door
Shoals:2 1 runed door, Unwiqar's ghost, adept CeHu
Shoals:3 exclusion: downstairs
Orc:1 exclusion: stone giant
Elf:2 5 runed doors
Vaults:1 exclusion: orange crystal statue, Asterion
Depths:3 1 runed door, Diocvuih's ghost, veteran SpWz


Innate Abilities, Weirdness & Mutations

You cannot wear armour.
You are incapable of wielding weapons or throwing items.
Your paws allow you to move quietly. (Stealth)
((You have sharp claws.))
((You have razor-sharp teeth.))
You have supernaturally acute eyesight. (SInv)
You are carnivorous and can eat meat at any time.
((You cover ground quickly.))
((Your thick and shaggy fur keeps you warm. (AC +3, rC+)))
You have a slow metabolism.
((Your sharp claws are effective at attacking unaware monsters.))
(You are partially covered in rugged brown scales. (AC +1, +3% HP))
You are somewhat resistant to further mutation.
[Your body sometimes deteriorates upon taking damage.]


Message History

Aim: a rakshasa, wielding a trident and wearing a robe (severely wounded)
The bolt of acid hits the rakshasa.
The rakshasa is splashed with acid.
The acid corrodes the rakshasa!
The rakshasa is severely wounded.
The rakshasa misses you.
Evoke which item? (* to show all) (? for menu, Esc to quit)
Aiming: Corrosive Bolt
Press: ? - help, Shift-Dir - straight line, f/p - rakshasa
Aim: a rakshasa, wielding a trident and wearing a robe (severely wounded, covered in acid)
The bolt of acid misses the rakshasa.
The rakshasa hits you with a trident.
* * * LOW HITPOINT WARNING * * *
Evoke which item? (* to show all) (? for menu, Esc to quit)
Aiming: Corrosive Bolt
Press: ? - help, Shift-Dir - straight line, f/p - rakshasa
Aim: a rakshasa, wielding a trident and wearing a robe (severely wounded, covered in acid)
The bolt of acid hits the rakshasa.
The rakshasa is splashed with acid.
The rakshasa is almost dead.
The rakshasa hits you with a trident!
You die...
Fedhas appreciates your contribution to the ecosystem.

#.. #
.. X #
.. ###
ยง# .
. #.##
#Y.# R
#
##R.#
###R.
### .
# ##
#. .
.## #
.##X#.
X.X#
#. . .
# #.
## ##
# #
#.. #


You could see a rakshasa.

Vanquished Creatures
  Kirke (D:11)
  A frost giant (D:15)
  An entropy weaver (Spider:1)
  A deep elf demonologist (Elf:3)
  A spark wasp (Spider:2)
  3 merfolk impalers
  5 ogre magi
  A hydra (Elf:1)
  Fannar (Lair:1)
  A catoblepas (Lair:6)
  2 centaur warriors (D:15)
  A merfolk avatar (Shoals:4)
  A queen ant (Spider:1)
  An alligator snapping turtle (Shoals:3)
  10 death yaks
  A satyr (Shoals:3)
  A merfolk aquamancer (Shoals:4)
  A deep troll shaman (D:14)
  2 tengu warriors
  18 two-headed ogres
  3 deep elf knights
  A sea snake (Shoals:1)
  An unseen horror (D:14)
  2 deep trolls
  3 deep elf archers
  18 deep elf magi
  Pikel (D:8)
  4 orc knights
  2 harpies
  3 orb spiders (Spider:2)
  13 ugly things
  4 fauns
  3 cyclopes
  An orc sorcerer (Orc:1)
  7 manticores
  5 merfolk sirens
  11 wolf spiders
  A centaur zombie (D:10)
  6 elephants
  A moth of wrath (Spider:4)
  A water nymph (Shoals:1)
  A torpor snail (Lair:4)
  A kobold demonologist (D:13)
  8 komodo dragons
  2 rime drakes
  A queen bee (Lair:4)
  12 merfolk
  5 meliai
  A polar bear (Lair:1)
  24 jumping spiders
  9 trolls
  4 tyrant leeches
  6 hornets
  A wind drake (Shoals:1)
  13 blink frogs
  9 hippogriffs
  A slime creature (D:12)
  5 snapping turtles
  A dream sheep (Shoals:2)
  40 yaks
  35 tarantellas
  71 redbacks
  A water elemental (Shoals:3)
  3 basilisks
  2 hogs (D:12)
  2 wyverns
  A steam dragon (D:10)
  2 swamp worms (Spider:2)
  7 soldier ants (Spider:1)
  A soldier ant (shapeshifter) (D:14)
  A water moccasin (D:7)
  6 porcupines
  2 slaves (D:8)
  23 orc warriors
  2 sky beasts
  3 black bears
  29 ogres
  2 eyes of draining
  A phantom (D:7)
  7 wolves
  8 centaurs
  8 crocodiles
  12 bullfrogs
  3 big kobolds
  A gnoll sergeant (D:10)
  8 scorpions
  24 killer bees
  3 howler monkeys
  5 electric eels
  3 hounds
  13 orc priests
  A gnoll shaman (D:7)
  29 orc wizards
  2 iguanas
  Ijyb (D:5)
  28 worker ants
  A worker ant zombie (D:6)
  10 adders
  10 gnolls
  A shadow imp (D:6)
  2 worms
  3 dart slugs
  5 leopard geckos
  99 orcs
  5 bats
  A giant cockroach (D:4)
  6 goblins
  3 hobgoblins
  14 jackals
  15 kobolds
  2 quokkas
  4 frilled lizards
  3 rats
  A plant (D:9)
824 creatures vanquished.

Vanquished Creatures (collateral kills)
  2 golden dragons
  Arachne (Spider:1)
  A deep elf blademaster (Elf:3)
  Gastronok (D:12)
  A tentacled starspawn (Abyss:3)
  3 fire giants
  A frost giant (Depths:2)
  A vault warden (Vaults:1)
  5 emperor scorpions
  2 deep elf sorcerers
  5 ghost moths
  2 ironheart preservers
  A vampire knight (Depths:1)
  8 stone giants
  4 very ugly things
  5 entropy weavers
  3 deep elf demonologists
  2 deep elf annihilators (Elf:3)
  5 ettins
  2 deep elf death magi (Elf:3)
  Snorg (Lair:3)
  Josephine (D:12)
  2 merfolk javelineers
  5 fire dragons
  10 merfolk impalers
  A deep elf high priest (Elf:3)
  A yaktaur captain (Vaults:1)
  3 great orbs of eyes
  A rakshasa (Depths:2)
  2 ice dragons
  9 hydras
  2 merfolk aquamancers
  A centaur warrior (Depths:3)
  A death yak (Lair:5)
  2 catoblepae (Lair:6)
  Erica (D:10)
  2 merfolk avatars
  5 deep troll earth magi
  An alligator snapping turtle (Shoals:3)
  A deep troll shaman (Vaults:1)
  4 ogre magi
  2 death knights (D:14)
  12 dancing weapons
  A spriggan berserker (Depths:4)
  2 tengu warriors
  20 two-headed ogres
  A wandering mushroom (Vaults:1)
  A large abomination (Abyss:3)
  Sonja (D:13)
  9 deep elf knights
  2 unseen horrors (D:14)
  A golden dragon zombie (Depths:1)
  8 sea snakes
  2 sixfirhies
  10 deep trolls
  3 wizards
  A kraken simulacrum (Shoals:4)
  22 harpies
  9 orb spiders
  A lindwurm (shapeshifter) (Elf:3)
  4 wolf spiders
  10 deep elf archers
  A wolf spider zombie (D:9)
  2 necromancers
  A tengu skeleton (Depths:1)
  18 ugly things
  40 deep elf magi
  A salamander (Depths:3)
  2 orc sorcerers (Orc:1)
  2 moths of wrath
  10 fauns
  9 manticores
  3 cyclopes
  An elephant (Lair:6)
  4 merfolk sirens
  3 black mambas
  4 torpor snails
  A water nymph (Shoals:2)
  A guardian serpent (Abyss:3)
  9 spiny frogs
  Psyche (D:12)
  3 gargoyles
  A vault sentinel (Vaults:1)
  A komodo dragon (shapeshifter) (Depths:2)
  6 centaur skeletons
  A komodo dragon (D:12)
  3 rime drakes
  23 yaktaurs
  14 demonic crawlers
  3 tengu conjurers
  A freezing wraith (Abyss:3)
  15 merfolk
  A meliai (Lair:5)
  A troll (shapeshifter) (D:13)
  7 tyrant leeches (Spider:2)
  A jumping spider (Lair:4)
  6 hornets
  A wolf spider simulacrum (D:15)
  5 wind drakes
  3 trolls
  A spriggan zombie (Depths:1)
  15 slime creatures
  2 dream sheep (Shoals:2)
  5 blink frogs (Lair:6)
  7 snapping turtles
  17 redbacks
  2 air elementals
  3 hippogriffs
  A tarantella (Spider:3)
  2 spriggans (Depths:4)
  5 wraiths
  13 water elementals
  A shadow (D:15)
  A vampire (D:14)
  A wyvern (D:13)
  2 fire elementals
  7 yaks
  3 hungry ghosts
  A hog (D:12)
  2 vampire mosquitoes (D:15)
  A human simulacrum (Vaults:1)
  3 swamp worms (Spider:2)
  3 wargs
  An acid dragon (D:13)
  A hell hound (Elf:2)
  12 water moccasins
  2 orc warriors (Vaults:1)
  3 ice beasts
  5 centaurs
  An ogre (shapeshifter) (Depths:4)
  5 ogres
  3 phantoms
  2 crocodiles
  A big kobold (D:12)
  2 bullfrogs
  An earth elemental (Elf:1)
  A wyvern skeleton (D:6)
  12 wights
  8 jellies
  4 crimson imps
  A bullfrog zombie (D:5)
  A bullfrog skeleton (D:12)
  A hound (D:10)
  2 orc priests (Orc:1)
  2 centaur zombies
  2 iron imps (Abyss:3)
  A worker ant (D:15)
  5 orc wizards
  A hound zombie (D:6)
  A worker ant zombie (D:7)
  2 shadow imps
  2 adder skeletons
  8 orcs
  A jackal skeleton (D:7)
  A plant (Shoals:2)
  A snaplasher vine (Depths:3)
  A tentacle (Shoals:4)
  13 toadstools
650 creatures vanquished.

Vanquished Creatures (others)
  A sphinx (Elf:2)
  4 deep elf knights
  6 wandering mushrooms (Vaults:1)
  2 deep elf magi (Elf:2)
  3 water elementals (Elf:1)
  A wraith (Abyss:3)
  A hog (D:12)
  A hungry ghost (D:8)
  A slave (D:8)
  An orc wizard (D:8)
  An orc priest (D:8)
  6 orcs (D:8)
  25 fungi
  A lurking horror (Abyss:3)
  39 plants
  5 snaplasher vines
  13 starspawn tentacles (Abyss:3)
  6 tentacles (Shoals:4)
  471 toadstools
588 creatures vanquished.

Grand Total: 2062 creatures vanquished

Notes
Turn   | Place    | Note
-------+----------+-------------------------------------------
     0 | D:1      | EnegeticOcto the Felid Venom Mage began the quest for the Orb.
     0 | D:1      | Reached XP level 1. HP: 7/7 MP: 4/4
   566 | D:1      | Reached XP level 2. HP: 11/11 MP: 3/6
   747 | D:1      | Learned a level 2 spell: Poisonous Vapours
  1811 | D:2      | Reached XP level 3. HP: 14/14 MP: 0/7
  2241 | D:2      | Found an ancient bone altar of Kikubaaqudgha.
  2243 | D:2      | Found a blossoming altar of Fedhas.
  3549 | D:3      | Reached XP level 4. HP: 18/18 MP: 2/8
  3559 | D:3      | Learned a level 4 spell: Olgreb's Toxic Radiance
  3750 | D:3      | Reached skill level 5 in Stealth
  4523 | D:4      | Noticed a sky beast
  4595 | D:4      | Reached XP level 5. HP: 21/21 MP: 0/9
  4683 | D:4      | Found a white marble altar of Elyvilon.
  4861 | D:4      | Killed a sky beast
  4961 | D:4      | Gained mutation: You are covered in thick fur. (AC +2) [Felid growth]
  4961 | D:4      | Reached XP level 6. HP: 24/24 MP: 5/10
  5337 | D:4      | Found a burning altar of Makhleb.
  5337 | D:4      | Found a shadowy altar of Dithmenos.
  5338 | D:4      | Found a glowing golden altar of the Shining One.
  5339 | D:4      | Found a bloodstained altar of Trog.
  5339 | D:4      | Found a sparkling altar of Nemelex Xobeh.
  5339 | D:4      | Found a glowing silver altar of Zin.
  5340 | D:4      | Found a deep blue altar of Sif Muna.
  5693 | D:5      | Entered Level 5 of the Dungeon
  5709 | D:5      | Noticed Ijyb
  5720 | D:5      | Killed Ijyb
  5814 | D:5      | Found a staircase to the Ecumenical Temple.
  5820 | Temple   | Entered the Ecumenical Temple
  6177 | D:5      | Reached skill level 5 in Poison Magic
  6847 | D:6      | Noticed an orc warrior
  7095 | D:6      | Reached XP level 7. HP: 27/27 MP: 5/11
  7609 | D:6      | Gained mutation: You are agile. (Dex +2) [potion of mutation]
  7609 | D:6      | Gained mutation: You are partially covered in large bone plates. (SH +4) [potion of mutation]
  7611 | D:6      | Lost mutation: You are agile. (Dex +2) [potion of mutation]
  7611 | D:6      | Lost mutation: You are partially covered in large bone plates. (SH +4) [potion of mutation]
  7611 | D:6      | Gained mutation: You are somewhat resistant to further mutation. [potion of mutation]
  7611 | D:6      | Gained mutation: You are partially covered in rugged brown scales. (AC +1, +3% HP) [potion of mutation]
  8635 | D:7      | Reached skill level 1 in Air Magic
  8729 | D:7      | Reached skill level 1 in Fighting
  8825 | D:7      | Reached XP level 8. HP: 31/32 MP: 6/12
  9613 | D:8      | Noticed Pikel
  9632 | D:8      | Killed Pikel
  9702 | D:8      | Found a snail-covered altar of Cheibriados.
  9781 | D:8      | Found an opulent altar of Gozag.
 10267 | D:8      | Learned a level 4 spell: Summon Lightning Spire
 10469 | D:8      | Reached skill level 1 in Summonings
 10469 | D:8      | Reached XP level 9. HP: 39/39 MP: 7/13
 10833 | D:9      | Found a roughly hewn altar of Beogh.
 11397 | D:9      | Found a staircase to the Orcish Mines.
 11520 | D:9      | Noticed a troll
 11556 | D:9      | Killed a troll
 11844 | D:9      | Found a staircase to the Lair.
 11845 | D:9      | Noticed a komodo dragon
 11869 | D:9      | Killed a komodo dragon
 11869 | D:9      | Reached skill level 5 in Fighting
 11869 | D:9      | Reached skill level 5 in Summonings
 12400 | D:9      | Upgraded the game from 0.22.0-6-g71bd7aa6b3 to 0.22.0-13-g43fe8f24b8
 12562 | D:9      | Found a shimmering altar of Xom.
 12563 | D:9      | Found a hazy altar of Hepliaklqana.
 12564 | D:9      | Noticed a spectral ugly thing
 12570 | D:9      | Noticed a troll
 12586 | D:9      | Killed a troll
 13188 | D:7      | Reached XP level 10. HP: 47/47 MP: 3/14
 16173 | D:10     | Entered Level 10 of the Dungeon
 16216 | D:10     | Noticed a centaur warrior
 16530 | Lair:1   | Entered Level 1 of the Lair of Beasts
 16669 | Lair:1   | Reached skill level 3 in Dodging
 17108 | Lair:1   | Noticed a spiny frog
 17127 | Lair:1   | Killed a spiny frog
 17249 | Lair:1   | Reached skill level 4 in Dodging
 17514 | Lair:1   | Noticed Fannar
 17534 | Lair:1   | Noticed a seven-headed hydra
 18292 | Lair:1   | Killed Fannar
 18292 | Lair:1   | Reached skill level 5 in Dodging
 18292 | Lair:1   | Reached skill level 5 in Air Magic
 18682 | Lair:1   | Killed a seven-headed hydra
 18857 | Lair:2   | Found a staircase to the Shoals.
 19446 | Lair:2   | Reached skill level 6 in Dodging
 19446 | Lair:2   | Reached XP level 11. HP: 52/52 MP: 9/18
 20644 | Lair:2   | Reached skill level 7 in Dodging
 20979 | Lair:2   | Noticed a four-headed hydra
 21010 | Lair:2   | Killed a four-headed hydra
 21010 | Lair:2   | Reached skill level 5 in Spellcasting
 22504 | Lair:3   | Reached skill level 8 in Dodging
 22589 | Lair:3   | Noticed Snorg
 22607 | Lair:3   | Killed Snorg
 23814 | Lair:5   | Noticed a death yak
 23814 | Lair:5   | Noticed a death yak
 23825 | Lair:5   | Noticed a death yak
 23825 | Lair:5   | Noticed a death yak
 23828 | Lair:5   | Noticed a death yak
 23833 | Lair:5   | Killed a death yak
 23833 | Lair:5   | Reached skill level 9 in Dodging
 23833 | Lair:5   | Gained mutation: Your thick and shaggy fur keeps you warm. (AC +3, rC+) [Felid growth]
 23833 | Lair:5   | Reached XP level 12. HP: 58/58 MP: 3/22
 25729 | Lair:4   | Found a hole to the Spider Nest.
 25937 | Lair:5   | Noticed a six-headed hydra
 25974 | Lair:5   | Killed a six-headed hydra
 25974 | Lair:5   | Reached skill level 10 in Dodging
 26474 | Lair:5   | Noticed a four-headed hydra
 26555 | Lair:5   | Killed a four-headed hydra
 26633 | Lair:5   | Learned a level 2 spell: Sticks to Snakes
 26744 | Lair:5   | Killed a death yak
 26793 | Lair:5   | Killed a death yak
 26804 | Lair:5   | Killed a death yak
 26940 | Lair:5   | Killed a death yak
 26940 | Lair:5   | Reached skill level 11 in Dodging
 27556 | Lair:6   | Entered Level 6 of the Lair of Beasts
 28171 | Lair:6   | Noticed a death yak
 28171 | Lair:6   | Noticed a death yak
 28201 | Lair:6   | Killed a death yak
 28399 | Lair:6   | Got a translucent granite ring
 28401 | Lair:6   | Noticed a death yak
 28408 | Lair:6   | Noticed a death yak
 28746 | Lair:5   | Identified the ring of Xom's Fair Game {rElec rPois MP+9 Int+6 Stlth+} (You found it on level 6 of the Lair of Beasts)
 28852 | Lair:6   | Reached XP level 13. HP: 62/62 MP: 11/26
 29369 | Lair:6   | Reached skill level 10 in Fighting
 29515 | Lair:6   | Reached skill level 12 in Dodging
 29681 | Lair:6   | Found a staircase to the Slime Pits.
 29738 | Slime:1  | Entered Level 1 of the Pits of Slime
 31490 | Lair:6   | Reached skill level 13 in Dodging
 31764 | Lair:6   | Got a twitching bone amulet
 31792 | Lair:6   | Identified the amulet of Vehumet's Generosity {Regen+ Str+7 Int+6 Dex-3} (You found it on level 6 of the Lair of Beasts)
 31808 | Lair:6   | Learned a level 6 spell: Shadow Creatures
 31816 | Lair:6   | Learned a level 6 spell: Deflect Missiles
 31993 | D:10     | Found a shadowy altar of Dithmenos.
 32139 | D:10     | Reached skill level 1 in Charms
 32279 | D:10     | Found a stormy altar of Qazlal.
 32566 | D:10     | Noticed Erica
 32572 | D:10     | Killed Erica
 33814 | D:12     | Noticed Kirke
 33819 | D:12     | Noticed Josephine
 33842 | D:12     | Noticed Gastronok
 34141 | Orc:1    | Entered Level 1 of the Orcish Mines
 34350 | Orc:1    | Reached skill level 10 in Spellcasting
 34517 | Orc:1    | Noticed a stone giant
 34569 | Orc:2    | Entered Level 2 of the Orcish Mines
 34693 | Orc:2    | Found a staircase to the Elven Halls.
 34699 | Orc:2    | Learned a level 4 spell: Ice Form
 35022 | Orc:2    | Found Kauffiug's Magic Scroll Shop.
 35091 | Orc:2    | Reached skill level 1 in Transmutations
 35091 | Orc:2    | Reached XP level 14. HP: 67/67 MP: 15/29
 36151 | Orc:2    | Reached skill level 14 in Dodging
 36397 | Orc:2    | Found Siediec's Jewellery Emporium.
 36397 | Orc:2    | Found Wiaceh's Weapon Boutique.
 36407 | Orc:2    | Found Hyc Uria's General Store.
 36606 | Orc:1    | Reached skill level 5 in Charms
 37062 | Orc:1    | Found a roughly hewn altar of Beogh.
 37968 | Spider:1 | Entered Level 1 of the Spider Nest
 38176 | Spider:1 | Noticed an emperor scorpion
 38377 | Shoals:1 | Entered Level 1 of the Shoals
 38977 | Shoals:1 | Learned a level 2 spell: Blink
 39462 | Shoals:1 | Reached skill level 10 in Summonings
 39618 | Shoals:1 | Learned a level 4 spell: Cause Fear
 39782 | Shoals:1 | Reached skill level 1 in Hexes
 39852 | Shoals:1 | Found a runed door.
 39870 | Shoals:1 | Reached skill level 5 in Transmutations
 41900 | Shoals:2 | Upgraded the game from 0.22.0-13-g43fe8f24b8 to 0.22.0-18-ge075c0de6d
 42162 | D:2      | Became a worshipper of Fedhas Madash
 42504 | Shoals:2 | Reached XP level 15. HP: 73/73 MP: 21/31
 43001 | Shoals:2 | Found a runed door.
 43008 | Shoals:2 | Reached skill level 15 in Dodging
 43015 | Shoals:2 | Noticed Unwiqar's ghost (adept CeHu)
 44019 | Shoals:3 | Reached * piety under Fedhas
 44795 | Shoals:4 | Entered Level 4 of the Shoals
 44862 | Shoals:4 | Noticed a kraken
 46405 | Spider:1 | Reached ** piety under Fedhas
 47016 | Spider:2 | Noticed Arachne
 47502 | Spider:2 | Reached skill level 16 in Dodging
 48057 | Spider:2 | Reached *** piety under Fedhas
 48505 | Spider:1 | Killed Arachne
 48849 | Spider:2 | Reached XP level 16. HP: 79/79 MP: 27/33
 49705 | Spider:2 | Identified the Almanac of Creative Feathers
 50258 | Spider:3 | Reached **** piety under Fedhas
 50395 | Spider:3 | Reached skill level 1 in Invocations
 51008 | Spider:3 | Learned a level 5 spell: Summon Mana Viper
 52345 | Spider:3 | Reached skill level 17 in Dodging
 52577 | Spider:4 | Entered Level 4 of the Spider Nest
 53466 | Spider:4 | Reached ***** piety under Fedhas
 53894 | Spider:4 | Slain by a wolf spider
 53895 | Spider:4 | Reached XP level 15. HP: 0/76 MP: 0/41
 53947 | Spider:4 | Killed a ghost moth
 55114 | Spider:4 | Got a gossamer rune of Zot
 55131 | Spider:4 | Noticed a ghost moth
 55143 | Spider:4 | Killed a ghost moth
 55232 | Spider:1 | Killed a ghost moth
 55443 | D:11     | Killed Kirke
 55649 | D:12     | Killed Gastronok
 55755 | D:12     | Killed Josephine
 56120 | D:12     | Noticed Psyche
 56123 | D:12     | Killed Psyche
 56560 | D:12     | Found a transporter.
 56712 | D:12     | Found a transporter.
 56712 | D:12     | Noticed IceCat's ghost (novice DEIE)
 57250 | D:13     | Noticed Sonja
 57318 | D:13     | Killed Sonja
 58134 | D:14     | Reached XP level 16. HP: 81/81 MP: 30/34
 58212 | D:14     | Found a gate to the Vaults.
 59788 | D:14     | Reached skill level 18 in Dodging
 60193 | D:15     | Entered Level 15 of the Dungeon
 60636 | D:15     | Found an iron altar of Okawaru.
 60828 | D:15     | Found a staircase to the Depths.
 61576 | D:15     | Reached ****** piety under Fedhas
 62598 | Shoals:4 | Reached skill level 5 in Invocations
 62998 | Shoals:4 | Got a barnacled rune of Zot
 63226 | Shoals:4 | Learned a level 2 spell: Passwall
 63502 | Vaults:1 | Entered Level 1 of the Vaults
 63686 | D:14     | HP: 4/98 [deep troll[an ironheart preserver] (11)]
 63686 | D:14     | Slain by a deep troll
 63687 | D:14     | Reached XP level 15. HP: -3/93 MP: 29/42
 64418 | Vaults:1 | Noticed Asterion
 64421 | Vaults:1 | Noticed an Executioner
 64477 | Vaults:1 | Noticed a vault warden
 64594 | Vaults:1 | Noticed a sphinx
 64666 | Vaults:1 | Killed a vault warden
 65201 | Vaults:1 | Learned a level 5 spell: Aura of Abjuration
 65683 | Vaults:1 | Reached XP level 16. HP: 68/82 MP: 27/35
 66031 | Elf:1    | Entered Level 1 of the Elven Halls
 66420 | Elf:1    | Reached skill level 19 in Dodging
 67500 | Elf:1    | Learned a level 5 spell: Summon Forest
 67863 | Elf:1    | Identified the Grimoire of Conjuration
 68023 | Elf:1    | Reached skill level 15 in Fighting
 68636 | Elf:1    | Found Leorid's Antique Armour Boutique.
 69050 | Elf:2    | Noticed a sphinx
 69056 | Elf:2    | Noticed a sphinx
 70287 | Elf:2    | Noticed a Tzitzimitl
 70509 | Elf:2    | Killed a sphinx
 71565 | Elf:2    | Found a huge runed gate.
 71565 | Elf:2    | Found a huge runed gate.
 71565 | Elf:2    | Found a huge runed gate.
 71607 | Elf:2    | Found a huge runed gate.
 71607 | Elf:2    | Found a huge runed gate.
 72045 | Elf:3    | Entered Level 3 of the Elven Halls
 72241 | Elf:2    | Upgraded the game from 0.22.0-18-ge075c0de6d to 0.22.0-25-g7663229ff0
 72354 | Elf:3    | Noticed a deep elf blademaster
 72360 | Elf:3    | Noticed a deep elf master archer
 72364 | Elf:3    | Killed a deep elf blademaster
 73248 | Elf:3    | Got a scintillating amber ring
 73268 | Elf:3    | Noticed a Brimstone Fiend
 73598 | Depths:1 | Entered Level 1 of the Depths
 74069 | D:15     | Identified the ring of the Spinneret {rPois MP+9 Str+6 Int-5 Stlth+} (You took it off a deep elf high priest on level 3 of the Elven Halls)
 74676 | Depths:1 | Found a corrupted altar of Lugonu.
 74803 | Depths:1 | Identified Lugonu's Compendium of Evil Magic
 74953 | Depths:1 | Reached XP level 17. HP: 87/87 MP: 29/36
 75369 | Depths:3 | Found a runed door.
 75369 | Depths:3 | Noticed Diocvuih's ghost (veteran SpWz)
 75530 | Depths:2 | Noticed a golden dragon
 75541 | Depths:2 | Killed a golden dragon
 76827 | Depths:3 | Found a portal to a secret trove of treasure.
 76864 | Depths:4 | Reached skill level 15 in Spellcasting
 77109 | Depths:4 | Reached skill level 20 in Dodging
 77373 | Depths:5 | Entered Level 5 of the Depths
 77373 | Depths:5 | Noticed a golden dragon
 77378 | Depths:5 | Killed a golden dragon
 77418 | Depths:5 | Found a one-way gate to the infinite horrors of the Abyss.
 77516 | Depths:5 | Voluntarily entered the Abyss.
 77637 | Abyss:1  | Paralysed by accursed screaming for 1 turns
 77725 | Abyss:1  | Found a corrupted altar of Lugonu.
 77737 | Abyss:2  | Found a corrupted altar of Lugonu.
 77809 | Abyss:2  | Found a bloodstained altar of Trog.
 77819 | Abyss:3  | Found a corrupted altar of Lugonu.
 77872 | Abyss:3  | Noticed a bone dragon
 77978 | Abyss:3  | Paralysed by accursed screaming for 2 turns
 77980 | Abyss:3  | HP: 3/87 [starcursed mass (3)]
 77980 | Abyss:3  | Slain by a starcursed mass
 77981 | Abyss:3  | Reached XP level 16. HP: -5/84 MP: 23/45
 78071 | Abyss:3  | Noticed a tentacled monstrosity
 78375 | Abyss:3  | Noticed a tentacled starspawn
 78408 | Abyss:3  | Noticed a tentacled starspawn
 78483 | Abyss:3  | Found a corrupted altar of Lugonu.
 78596 | Abyss:3  | Noticed a tentacled starspawn
 78611 | Abyss:3  | Killed a tentacled starspawn
 78708 | Abyss:3  | Noticed a lich
 78816 | Abyss:3  | Noticed a tentacled starspawn
 78832 | Abyss:3  | Found a corrupted altar of Lugonu.
 78929 | Abyss:3  | Paralysed by accursed screaming for 1 turns
 78930 | Abyss:3  | HP: 1/84 [rakshasa (illusionary)/trident (10)]
 78993 | Abyss:3  | HP: 5/100 [rakshasa (illusionary)/trident (18)]
 79004 | Abyss:3  | Slain by a rakshasa (illusionary)

Skill      XL: |  1  2  3  4  5  6  7  8  9 10 11 12 13 14 15 16 17 |
---------------+----------------------------------------------------+-----
Stealth        | 3 4 5 6 7 9 |  9.2
Poison Magic   | 3 4 5 6 7 8 |  8.0
Air Magic      | 1 4 5 7 8 |  8.0
Fighting       | 1 3 6 8 9 10 11 12 15 | 15.7
Summonings     | 1 6 7 8 9 10 11 | 11.4
Dodging        | 6 9 11 13 14 16 19 20 | 20.0
Spellcasting   | 4 6 8 10 11 14 15 | 15.0
Charms         | 3 6 |  6.6
Transmutations | 1 5 8 |  8.0
Hexes          | 2 3 |  3.0
Invocations    | 3 6 7 |  7.3
Conjurations   | |  0.8

Action                   |  1- 3 |  4- 6 |  7- 9 | 10-12 | 13-15 | 16-18 || total
-------------------------+-------+-------+-------+-------+-------+-------++-------
Melee: Unarmed           |     9 |     9 |    36 |   214 |   124 |   100 ||   492
       Bite              |     1 |     1 |     8 |    38 |     4 |     6 ||    58
 Cast: Sting             |    30 |     2 |     3 |       |       |       ||    35
       Poisonous Vapours |    38 |    60 |   128 |   349 |   715 |   266 ||  1556
       Olgreb's Toxic Ra |       |       |    10 |    56 |   179 |   129 ||   374
       Summon Lightning  |       |       |     6 |    75 |   172 |   140 ||   393
       Sticks to Snakes  |       |       |       |     9 |     4 |       ||    13
       Shadow Creatures  |       |       |       |       |   175 |   325 ||   500
       Ice Form          |       |       |       |       |    50 |    21 ||    71
       Deflect Missiles  |       |       |       |       |     1 |     6 ||     7
       Blink             |       |       |       |       |    15 |    10 ||    25
       Summon Mana Viper |       |       |       |       |    11 |    38 ||    49
       Cause Fear        |       |       |       |       |     1 |       ||     1
       Summon Forest     |       |       |       |       |       |    23 ||    23
       Passwall          |       |       |       |       |       |    16 ||    16
Invok: Fungal Bloom      |       |       |       |       |    84 |   105 ||   189
       Evolution         |       |       |       |       |     7 |     4 ||    11
       Rain              |       |       |       |       |       |     1 ||     1
 Abil: End Transformatio |       |       |       |       |     2 |     2 ||     4
Evoke: Wand              |       |       |     1 |     4 |     6 |    28 ||    39
       Phantom mirror    |       |       |       |       |     1 |       ||     1
  Use: Scroll            |       |       |    21 |     4 |    21 |    11 ||    57
       Potion            |       |       |     4 |     2 |     5 |    12 ||    23
 Stab: Distracted        |       |       |       |       |     2 |     4 ||     6
       Sleeping          |       |       |       |       |     1 |       ||     1
  Eat: Chunk             |    15 |    10 |    20 |    58 |    83 |    69 ||   255
       Ration            |       |       |       |       |       |     4 ||     4
Armor: Skin              |     5 |     1 |     5 |    11 |    42 |    43 ||   107
Dodge: Dodged            |    35 |    14 |    43 |   141 |   613 |   905 ||  1751
       Deflected         |       |       |       |       |    31 |    47 ||    78
